 Dungeon Crawl Stone Soup version 0.30-a0-1123-gabc949cf19 (webtiles) character file.

Game seed: 5282329778520174090

2318 Arzdou the Geomancer (level 9, -20/64 HPs)
             Began as a Purple Draconian Earth Elementalist on Apr 22, 2023.
             Was an Initiate of Sif Muna.
             Demolished by a white ugly thing (23 damage)
             ... on level 11 of the Dungeon.
             The game lasted 00:16:46 (5850 turns).

Arzdou the Geomancer (DrEE)                         Turns: 5850, Time: 00:16:47

Health: -20/64     AC:  8    Str: 11      XL:     9   Next: 18%
Magic:  14/20      EV: 11    Int: 19      God:    Sif Muna [......]
Gold:   439        SH:  8    Dex: 11 (12) Spells: 18/22 levels left

rFire   . . .        (no weapon)
rCold   . . .        j - +0 buckler
rNeg    . . .        (body armour unavailable)
rPois   .            (helmet restricted)
rElec   .            (no cloak)
rCorr   .            (no gloves)
SInv    .            (no boots)
Will    +....        (no amulet)
Stlth   ++           (no ring)
HPRegen 0.30/turn    (no ring)
MPRegen 0.17/turn

%: no passive effects
@: hasted and slowed, fire susceptible
A: breathe power, AC +7, unfitting armour, cold-blooded, large bone plates 1,
deterioration 1, shaggy fur 1
a: Breathe Dispelling Energy, Renounce Religion


You were on level 11 of the Dungeon.
You worshipped Sif Muna.
Sif Muna was noncommittal.
You visited 1 branch of the dungeon, and saw 10 of its levels.

You collected 439 gold pieces.

Inventory:

Hand Weapons
 h - a +2 dagger of draining
Armour
 j - a +0 buckler (worn)
Jewellery
 i - a ring of positive energy
Wands
 d - a wand of digging (2)
 l - a wand of flame (9)
 o - a wand of paralysis (9)
 r - a wand of iceblast (23)
Scrolls
 b - 2 scrolls of immolation
 e - a scroll of poison
 f - 3 scrolls of amnesia
 s - a scroll of noise
 t - 2 scrolls of fog
 u - a scroll of identify
Potions
 a - a potion of magic
 c - 2 potions of attraction
 m - a potion of brilliance {unknown}
 n - a potion of heal wounds
 p - a potion of resistance
 q - 2 potions of might
 v - a potion of degeneration


   Skills:
 + Level 1.0 Fighting
 + Level 2.3 Dodging
 + Level 2.7 Stealth
 * Level 4.2 Shields
 + Level 7.3 Spellcasting
 * Level 3.6 Conjurations
 + Level 1.0 Transmutations
 * Level 8.7 Earth Magic


You had 18 spell levels left.
You knew the following spells:

 Your Spells              Type           Power      Damage    Failure   Level
a - Sandblast             Erth           80%        2d17      1%          1
b - Stone Arrow           Conj/Erth      60%        3d10      3%          3

Your spell library contained the following spells:

 Spells                   Type           Power      Damage    Failure   Level
 Magic Dart               Conj           80%        1d7       2%          1
 Passwall                 Tmut/Erth      20%        N/A       2%          2
 Necrotise                Necr           24%        1d5       12%         1
 Petrify                  Tmut/Erth      25%        N/A       17%         4
 Call Imp                 Summ           12%        N/A       19%         2
 Leda's Liquefaction      Hex/Erth       11%        N/A       21%         4
 Mephitic Cloud           Conj/Pois/Air  11%        N/A       22%         3
 Call Canine Familiar     Summ           6%         N/A       36%         3
 Portal Projectile        Hex/Tloc       12%        N/A       36%         3
 Vampiric Draining        Necr           6%         2d6       36%         3
 Agony                    Necr           6%         N/A       98%         5


Dungeon Overview and Level Annotations

Branches:
Dungeon (11/15)               Orc (0/2) D:11
 Temple: D:4-7         Lair: D:8-11

Altars:
Elyvilon
Sif Muna
Ignis

Shops:
D:5 [   D:8 ?


Innate Abilities, Weirdness & Mutations

You can breathe bolts of dispelling energy.
Your rich purple scales are hard. (AC +7)
You cannot fit into any form of body armour.
You are cold-blooded and may be slowed by cold attacks.
You are partially covered in large bone plates. (SH +4)
Your body sometimes deteriorates upon taking damage.
You are covered in fur. (AC +1)


Message History

You block the orc's attack. The orc completely misses you.
The orc priest begins to cast a cantrip, but forgets the words!
Found an animal skin and a scroll labelled ILUKHYUGHE.
The orc hits you but does no damage.
The orc wizard hits the orc priest with a +1 dagger of venom.
The orc priest is poisoned.
The orc wizard hits itself with a +1 dagger of venom.
The orc wizard is poisoned.
An orc comes into view. It is wielding a +0 dagger.
The orc priest calls upon Beogh to heal the orc priest.
The orc priest is healed somewhat.
You see here a +0 animal skin.
You block the orc's attack.
The orc priest casts a cantrip, but nothing happens.
Really attack while wielding nothing? [Y]es or [N]o only, please.
Really attack while wielding nothing? [Y]es or [N]o only, please.
Really attack while wielding nothing?
Okay, then.
What are your orders? t - Shout!
Orders for allies: a - Attack new target. r - Retreat! s - Stop attacking. g - Guard the area. f - Follow me.
Anything else - Cancel.
Okay, then.
The white ugly thing tentacle-slaps you.
The white ugly thing freezes you!!
* * * LOW HITPOINT WARNING * * *
Your body deteriorates!
You feel clumsy.
Found a scroll of poison.
You block the white ugly thing's attack.
There is a stone staircase leading up, spattered with blood here.
Your extra speed is starting to run out.
The white ugly thing tentacle-slaps you!
* * * LOW HITPOINT WARNING * * *
The white ugly thing freezes you!!
You feel yourself slow down.
You die...

#.#.###### #.#......#
...... >........# ..?..
#T##.....# #...#
#.##.##.## #...#
..##.##.# #..# ###
####.##.#######..# ... #
#.............##.#### #
#.##.........@....... #
#.##########..u......
####T# #..##.#### .T...#
#..# # ####.# #..# #.#
#..# #.# ######..# ###
#.. ........# #.. ###
#######.##############..


You could see a white ugly thing.

Vanquished Creatures
  A cyclops (D:11)
  Maggie (D:6)
  Sigmund (D:3)
  Menkaure (D:4)
  An ice beast (D:6)
  A black bear (D:5)
  4 ogres (D:5)
  A centaur (D:4)
  A phantom (D:6)
  A bullfrog (D:7)
  2 scorpions (D:5)
  3 killer bees (D:8)
  A hound (D:4)
  An orc priest (D:11)
  5 iguanas
  4 gnolls (D:2)
  3 adders
  A white imp (D:5)
  2 ufetubi (D:5)
  A worm (D:2)
  3 dart slugs
  12 orcs
  9 ball pythons
  4 bats
  14 endoplasms
  5 giant cockroaches
  3 goblins
  6 hobgoblins
  6 kobolds
  4 quokkas
  6 frilled lizards
  3 rats (D:1)
111 creatures vanquished.

Vanquished Creatures (others)
  An orc wizard (D:11)
  An orc (D:11)
  17 foxfires
19 creatures vanquished.

Grand Total: 130 creatures vanquished

Notes
Turn   | Place    | Note
-------+----------+-------------------------------------------
     0 | D:1      | Arzdou the Draconian Earth Elementalist began the quest for
                  | the Orb.
     0 | D:1      | Reached XP level 1. HP: 14/14 MP: 3/3
   322 | D:1      | Reached XP level 2. HP: 20/20 MP: 3/5
   484 | D:1      | You fall into a shaft and drop 1 floor!
   484 | D:2      | Found a faded altar of an unknown god.
   522 | D:2      | Prayed at the altar of an unknown god.
   522 | D:2      | Became a worshipper of Ignis, the Dying Flame
   699 | D:2      | Reached XP level 3. HP: 26/26 MP: 0/6
   703 | D:2      | Learned a level 3 spell: Stone Arrow
   774 | D:2      | Reached skill level 4 in Earth Magic
  1227 | D:1      | Reached XP level 4. HP: 33/33 MP: 5/7
  2245 | D:3      | Noticed Sigmund
  2278 | D:3      | Killed Sigmund
  2279 | D:3      | Reached skill level 1 in Conjurations
  2279 | D:3      | Reached skill level 5 in Earth Magic
  2279 | D:3      | Reached XP level 5. HP: 24/38 MP: 5/10
  2279 | D:3      | Reached XP level 6. HP: 28/45 MP: 5/11
  3158 | D:4      | Noticed Menkaure
  3165 | D:4      | Killed Menkaure
  3408 | D:4      | Reached skill level 6 in Earth Magic
  3430 | D:4      | Reached skill level 1 in Shields
  3618 | D:4      | Your scales start taking on a rich purple colour.
  3618 | D:4      | Reached skill level 5 in Spellcasting
  3618 | D:4      | Reached XP level 7. HP: 38/50 MP: 10/14
  3806 | D:5      | Entered Level 5 of the Dungeon
  4175 | D:5      | Reached skill level 7 in Earth Magic
  4175 | D:5      | Reached XP level 8. HP: 31/57 MP: 10/16
  4374 | D:5      | Found a white marble altar of Elyvilon.
  4385 | D:5      | Gained mutation: You have hidden genetic defects. [potion
                  | of mutation]
  4398 | D:5      | Lost mutation: You have hidden genetic defects. [potion of
                  | mutation]
  4398 | D:5      | Gained mutation: You are vulnerable to heat. (rF-) [potion
                  | of mutation]
  4398 | D:5      | Gained mutation: You passively dampen the noise of your
                  | surroundings. [potion of mutation]
  4399 | D:5      | Lost mutation: You passively dampen the noise of your
                  | surroundings. [potion of mutation]
  4399 | D:5      | Lost mutation: You are vulnerable to heat. (rF-) [potion of
                  | mutation]
  4399 | D:5      | Gained mutation: Potions are less effective at restoring
                  | your health. [potion of mutation]
  4399 | D:5      | Gained mutation: You occasionally lose the ability to drink
                  | potions when taking damage. [potion of mutation]
  4400 | D:5      | Lost mutation: Potions are less effective at restoring your
                  | health. [potion of mutation]
  4400 | D:5      | Lost mutation: You occasionally lose the ability to drink
                  | potions when taking damage. [potion of mutation]
  4400 | D:5      | Gained mutation: You are covered in fur. (AC +1) [potion of
                  | mutation]
  4400 | D:5      | Gained mutation: Your body sometimes deteriorates upon
                  | taking damage. [potion of mutation]
  4400 | D:5      | Gained mutation: You are partially covered in large bone
                  | plates. (SH +4) [potion of mutation]
  4778 | D:5      | Found Afifol's Armour Shoppe.
  4858 | D:5      | Found a shimmering blue altar of Sif Muna.
  4868 | D:5      | Fell from the grace of Ignis
  4868 | D:5      | Became a worshipper of Sif Muna the Loreminder
  4895 | D:6      | Noticed Maggie
  4901 | D:6      | Killed Maggie
  4905 | D:6      | Reached skill level 8 in Earth Magic
  5179 | D:6      | You fall into a shaft and drop 2 floors!
  5243 | D:8      | Reached skill level 1 in Fighting
  5282 | D:8      | Noticed a two-headed ogre
  5351 | D:7      | You fall into a shaft and drop 1 floor!
  5395 | D:8      | Found Efazueh's Magic Scroll Shop.
  5426 | D:8      | Noticed a death yak
  5426 | D:8      | You fall into a shaft and drop 2 floors!
  5426 | D:10     | Entered Level 10 of the Dungeon
  5485 | D:10     | Noticed a cyclops
  5530 | D:10     | Noticed a troll
  5566 | D:11     | Noticed a cyclops
  5572 | D:11     | Killed a cyclops
  5573 | D:11     | Reached XP level 9. HP: 64/64 MP: 0/20
  5752 | D:11     | Noticed a cyclops
  5757 | D:11     | Noticed a troll
  5796 | D:11     | Noticed a white ugly thing
  5803 | D:11     | Found a staircase to the Orcish Mines.
  5803 | D:11     | Noticed a troll
  5850 | D:11     | HP: 3/64 [white ugly thing (11)]
  5850 | D:11     | Demolished by a white ugly thing

Illustrated notes

Levels and vault maps discovered:
D:1:      dpeg_arrival_water_fire, layout_rooms, fountainhead
D:2:      layout_loops_ring, dreamdust_ecumenical_altar_angels_and_demons,
          st_stairs_12
D:3:      layout_loops_corners, uniq_sigmund
D:4:      layout_basic, uniq_menkaure
D:5:      layout_loops_ring, elyvilon_altar_5, mainiacjoe_overflow_alcove_1,
          serial_shops, shop
D:6:      layout_basic, mainiacjoe_overflow_big_doors, serial_shops,
          nicolae_inconvenience_store, uniq_blork_the_orc, uniq_maggie
D:7:      layout_basic, nicolae_hepliaklqana_hazy_memory,
          minmay_temple_entry_antechambers, hangedman_decor_riveting,
          grunt_ministairs_14, grunt_ogre_cave, nicolae_ea-nasir_strikes_again
D:8:      kennysheep_six_static_rooms, layout_basic, dpeg_lair_monsters,
          serial_shops, shop
D:10:     layout_basic, bloody_trog
D:11:     layout_loops_ring, erik_orc_1, ebering_ghost_rock_garden,
          zin_scriptorium

Skill      XL: |  1  2  3  4  5  6  7  8 |
---------------+-------------------------+-----
Earth Magic    | 4 5 6 7 8 |  8.7
Spellcasting   | 3 5 7 |  7.3
Stealth        | 2 |  2.7
Conjurations   | 1 2 3 |  3.6
Shields        | 1 2 4 |  4.2
Dodging        | 2 |  2.3
Fighting       | 1 |  1.0
Transmutations | |  1.0

Action                     |  1- 3 |  4- 6 |  7- 9 || total
---------------------------+-------+-------+-------++-------
  Melee: Unarmed           |     3 |       |       ||     3
         Dagger            |       |     1 |     1 ||     2
   Cast: Sandblast         |    54 |    69 |    50 ||   173
         Stone Arrow       |       |       |    30 ||    30
 Invoke: Foxfire Swarm     |     1 |     1 |     3 ||     5
         Fiery Armour      |       |       |     1 ||     1
Ability: Breathe Dispellin |       |       |     1 ||     1
    Use: Scroll            |       |       |    11 ||    11
         Potion            |       |       |     6 ||     6
 Armour: Skin              |     3 |     2 |    15 ||    20
  Dodge: Dodged            |    14 |    15 |    36 ||    65
  Block: Buckler           |       |     2 |    24 ||    26

Table legend: (Time is in decaauts)
 A = Elapsed time spent in this place.
 B = Non-inter-level travel time spent in this place.
 C = Inter-level travel time spent in this place.
 D = Time resting spent in this place.
 E = Time spent auto-exploring this place.
 F = Levels seen in this place.
 G = Mean time per level.
                   A        B        C        D        E       F      G
               +--------+--------+--------+--------+--------+-----+--------+
         Total |   5919 |   5801 |    118 |      0 |   4745 |  10 |  591.9 |
       Dungeon |   5919 |   5801 |    118 |      0 |   4745 |  10 |  591.9 |
               +--------+--------+--------+--------+--------+-----+--------+

Top non-repeatable levels by time:
     D:5: 1107 daAuts
     D:2: 1106 daAuts
     D:3: 1095 daAuts
     D:1: 979 daAuts
     D:4: 685 daAuts
    D:11: 294 daAuts
     D:6: 286 daAuts
     D:8: 182 daAuts
    D:10: 116 daAuts
     D:7: 66 daAuts
